 Dungeon Crawl Stone Soup version 0.19-a0-1008-g4c63d25 (webtiles) character file.

9 Implojin the Shield-Bearer (level 2, -1/26 HPs)
             Began as a Minotaur Fighter on July 21, 2016.
             Slain by an orc
             ... wielding a +0 war axe
              (9 damage)
             ... on level 3 of the Dungeon.
             The game lasted 00:00:35 (116 turns).

Implojin the Shield-Bearer (Minotaur Fighter)        Turns: 116, Time: 00:00:35

Health: -1/26      AC:  6    Str: 20    XL:     2   Next: 6%
Magic:  1/1        EV:  7    Int:  5    God:
Gold:   0          SH:  9    Dex:  9    Spells: 0 memorised, 1 level left

rFire  . . .     SeeInvis .       - Unarmed
rCold  . . .     Gourm    .     a - +0 scale mail
rNeg   . . .     Faith    .     b - +0 shield
rPois  .         Spirit   .     (helmet restricted)
rElec  .         Dismiss  .     (no cloak)
rCorr  .         Reflect  .     (no gloves)
SustAt .         Harm     .     (no boots)
MR     .....                    (no amulet)
Stlth  ..........               (no ring)
                                (no ring)

@: not resistant to hostile enchantments, extremely unstealthy
A: retaliatory headbutt, horns 2
a: no special abilities


You were on level 3 of the Dungeon.
You were not hungry.

You visited 1 branch of the dungeon, and saw 3 of its levels.

Inventory:

Armour
 a - a +0 scale mail (worn)
 b - a +0 shield (worn)
Potions
 c - a potion of might
Comestibles
 d - a bread ration


   Skills:
 - Level 3.6 Fighting
 - Level 3.6 Armour
 - Level 3.6 Shields
 * Level 3.1 Unarmed Combat


You had one spell level left.
You didn't know any spells.

Dungeon Overview and Level Annotations

Branches:
Dungeon (3/15)

Altars:


Innate Abilities, Weirdness & Mutations

You reflexively headbutt those who attack you in melee.
You have a pair of horns on your head.


Message History

You headbutt the worm.
The worm is heavily wounded.
The worm bites you.
You barely miss the worm.
The worm is heavily wounded.
You hit the worm.
The worm is severely wounded.
The worm bites you.
* * * LOW HITPOINT WARNING * * *
Unknown command.
You hit the worm.
The worm is severely wounded.
You punch the worm!
You kill the worm!
Your Unarmed Combat skill increases to level 3!
The orc throws a tomahawk.
The tomahawk hits you but does no damage.
You hit the quokka. Your headbutt misses the quokka.
The quokka is almost dead.
The quokka barely misses you. You block the quokka's attack.
You hit the quokka but do no damage.
The quokka is almost dead.
You block the quokka's attack.
You hit the quokka.
You kill the quokka!
You have reached level 2!
You closely miss the kobold. You block the kobold's attack.
You closely miss the kobold. The kobold hits you with a dagger.
* * * LOW HITPOINT WARNING * * *
Unknown command.
You hit the kobold.
You kill the kobold!
You closely miss the orc. The orc hits you but does no damage.
You closely miss the orc. You block the orc's attack.
You hit the orc.
The orc is moderately wounded.
You hit the orc.
The orc is severely wounded.
The orc hits you with a war axe!
You die...

#.................#
#..............# #
#......$......# .#
#.........(..## ..#
#............# ..#
#............###...##
#....<..........)....
#...........#o#.#..##
#####.#.###.#@# ..
#.#.###.#.# ##
#.#...#.#.#
#.#.###...#
#..$.......
###.####### #<#.#
#.#.# ########.#.#


You could see an orc.

Vanquished Creatures
  A worm (D:3)
  A bat (D:3)
  2 giant cockroaches
  A quokka (D:3)
  A kobold (D:3)
6 creatures vanquished.

Notes
Turn   | Place    | Note
-------+----------+-------------------------------------------
     0 | D:1      | Implojin the Minotaur Fighter began the quest for the Orb.
     0 | D:1      | Reached XP level 1. HP: 19/19 MP: 0/0
   105 | D:3      | Reached skill level 3 in Unarmed Combat
   109 | D:3      | Reached XP level 2. HP: 11/26 MP: 1/1
   116 | D:3      | Slain by an orc

Vault maps used:
D:1:      lightli_arrival_flooded_house
D:2:      kennysheep_jessica_study, uniq_robin
D:3:      minmay_cupped

Skill      XL: |  1 |
---------------+----+-----
Unarmed Combat | 3 |  3.1
Fighting       | |  3.6
Armour         | |  3.6
Shields        | |  3.6

Action                   || total
-------------------------++-------
Melee: Unarmed           ||    33
       Headbutt          ||     4
Armor: Scale mail        ||     8
Dodge: Dodged            ||     4
Block: Shield            ||    12

Table legend:
 A = Turns spent in this place as a percentage of turns spent in the entire game.
 B = Non-inter-level travel turns spent in this place as a percentage of non-inter-level travel turns spent in the entire game.
 C = Inter-level travel turns spent in this place as a percentage of turns spent in this place.
 D = Turns resting spent in this place as a percentage of non-inter-level travel turns spent in this place.
 E = Turns spent auto-exploring this place as a percentage of non-inter-level travel turns spent in this place.
 F = Non-inter-level travel turns spent in this place divided by the number of levels of this place that you've seen.
                   A       B       C       D       E      F
               +-------+-------+-------+-------+-------+----------------------
         Total | 100.0 | 100.0 |   0.0 |   0.0 |   0.0 |  40.0
       Dungeon | 100.0 | 100.0 |   0.0 |   0.0 |   0.0 |  40.0
               +-------+-------+-------+-------+-------+----------------------

Table legend:
 A = Kills in this place as a percentage of kills in entire the game.
 B = Kills by you in this place as a percentage of kills by you in the entire game.
 C = Kills by friends in this place as a percentage of kills by friends in the entire game.
 D = Other kills in this place as a percentage of other kills in the entire game.
 E = Experience gained in this place as a percentage of experience gained in the entire game.
 F = Experience gained in this place divided by the number of levels of this place that you have seen.
                   A       B       C       D       E      F
               +-------+-------+-------+-------+-------+----------------------
         Total | 100.0 | 100.0 |  -nan |  -nan | 100.0 |   4.7
       Dungeon | 100.0 | 100.0 |  -nan |  -nan | 100.0 |   4.7
               +-------+-------+-------+-------+-------+----------------------
